 Dungeon Crawl Stone Soup version 0.28-a0-1190-g77e1c55843 (webtiles) character file.

Game seed: 4143986945069053712

59 ChaosChampion the Ruffian (level 3, -2/29 HPs)
             Began as a Draconian Transmuter on Dec 18, 2021.
             Slain by Robin (3 damage)
             ... on level 2 of the Dungeon.
             The game lasted 00:02:33 (1383 turns).

ChaosChampion the Ruffian (Draconian Transmuter)    Turns: 1383, Time: 00:02:33

Health: -2/29      AC:  5    Str: 12    XL:     3   Next: 78%
Magic:  2/6        EV: 12    Int: 15    God:
Gold:   31         SH:  0    Dex: 11    Spells: 3/6 levels left

rFire   . . .      SeeInvis .     - Unarmed
rCold   . . .      Faith    .   (no shield)
rNeg    + . .      Spirit   .   (armour unavailable)
rPois   .          Reflect  .   (helmet restricted)
rElec   .          Harm     .   (no cloak)
rCorr   .          Rampage  .   (no gloves)
Will    .....                   (no boots)
Stlth   +.........              (no amulet)
HPRegen 0.09/turn               e - ring of positive energy
MPRegen 0.10/turn               (no ring)

@: about to teleport, wereblooded
A: AC +5, unfitting armour, cold-blooded
a: no special abilities


You were on level 2 of the Dungeon.
You visited 1 branch of the dungeon, and saw 2 of its levels.

You collected 31 gold pieces.

Inventory:

Jewellery
 e - a ring of positive energy (left hand)
Scrolls
 d - 2 scrolls of teleportation
Potions
 a - a potion of flight {unknown}
 c - a potion of lignification {unknown}


   Skills:
 + Level 2.1 Fighting
 - Level 1.7 Dodging
 * Level 4.0 Unarmed Combat
 - Level 2.0 Spellcasting
 + Level 2.6 Transmutations


You had 3 spell levels left.
You knew the following spells:

 Your Spells              Type           Power      Damage    Failure   Level
a - Beastly Appendage     Tmut           18%        N/A       8%          1
b - Wereblood             Tmut           9%         N/A       11%         2

Your spell library contained the following spells:

 Spells                   Type           Power      Damage    Failure   Level
 Apportation              Tloc           2%         N/A       22%         1
 Static Discharge         Conj/Air       1%         N/A       32%         2
 Spider Form              Tmut/Pois      5%         N/A       36%         3
 Ice Form                 Ice/Tmut       5%         N/A       77%         4
 Alistair's Intoxication  Tmut/Pois      3%         N/A       98%         5
 Lightning Bolt           Conj/Air       0%         1d11      99%         5
 Maxwell's Capacitive Co  Air            0%         ∞         100%        8


Dungeon Overview and Level Annotations

Branches:
Dungeon (2/15)

Altars:

Annotations:
D:2 Robin


Innate Abilities, Weirdness & Mutations

Your plain brown scales are hard. (AC +5)
You cannot fit into any form of body armour.
You are cold-blooded and may be slowed by cold attacks.


Message History

You barely miss the goblin.
Your tail-slap misses the goblin.
The goblin is moderately wounded.
You feel yourself speed up. Something hits you.
* * * LOW HITPOINT WARNING * * *
You feel yourself slow down. Something freezes you.
* * * LOW HITPOINT WARNING * * *
The goblin barely misses you.
It was a potion of curing.
You feel better. Something hits you.
* * * LOW HITPOINT WARNING * * *
Something freezes you.
* * * LOW HITPOINT WARNING * * *
The goblin misses you.
The goblins go into a battle-frenzy!
You feel better.
You feel yourself speed up. The goblin hits you but does no damage.
Something hits you but does no damage. The goblin hits you with a +0 dagger.
* * * LOW HITPOINT WARNING * * *
Casting: Wereblood (safe; 11% risk of failure)
Confirm with . or Enter, or press ? or * to list all spells.
Your blood is infused with primal strength.
Something hits you.
* * * LOW HITPOINT WARNING * * *
You feel yourself slow down. Something freezes you.
* * * LOW HITPOINT WARNING * * *
The goblin hits you with a +0 dagger.
* * * LOW HITPOINT WARNING * * *
You hit the goblin. Your kick misses the goblin.
The goblin is severely wounded.
Something hits you.
* * * LOW HITPOINT WARNING * * *
Something freezes you.
* * * LOW HITPOINT WARNING * * *
The goblin misses you.
As you read the scroll labelled FIOFAT EPSIATIU, it crumbles to dust.
You feel strangely unstable.
It was a scroll of teleportation.
Your horns disappear.
Your talons disappear.
You feel yourself speed up. Something hits you.
You die...

.........#
#.......###.
.#.##..........
...............
..#S####)#######
.....###g########
#..†ggg.......
#....###{########
..# #@# #g# ##.#
### #..# ..# #.##
#.# #.# #.# #.#
#.# #.# #.# #.#
#####.#


You could see 4 hobgoblins and a goblin (strong).

Vanquished Creatures
  An adder (D:2)
  3 dart slugs (D:1)
  A bat (D:1)
  3 endoplasms (D:1)
  A giant cockroach (D:2)
  6 goblins
  6 hobgoblins
  4 jackals (D:1)
  3 kobolds
  A quokka (D:1)
  6 ball pythons (D:1)
  2 frilled lizards (D:1)
  A rat (D:1)
38 creatures vanquished.

Notes
Turn   | Place    | Note
-------+----------+-------------------------------------------
     0 | D:1      | ChaosChampion the Draconian Transmuter began the quest for
                  | the Orb.
     0 | D:1      | Reached XP level 1. HP: 16/16 MP: 3/3
   162 | D:1      | Found a faded altar of an unknown god.
   164 | D:1      | Noticed a shining eye
   166 | D:1      | Noticed a shining eye
   166 | D:1      | Noticed a floating eye
   166 | D:1      | Noticed an eye of devastation
   191 | D:1      | Reached XP level 2. HP: 9/23 MP: 3/5
   664 | D:1      | Learned a level 2 spell: Wereblood
   816 | D:1      | Reached XP level 3. HP: 26/29 MP: 4/6
  1359 | D:2      | Noticed Robin
  1369 | D:2      | Reached skill level 4 in Unarmed Combat
  1378 | D:2      | HP: 1/29 [something (1)]
  1383 | D:2      | Slain by Robin

Illustrated notes

Levels and vault maps discovered:
D:1:      beargit_arrival_diablo_church, layout_basic,
          hellmonk_ecumenical_altar_watching_god
D:2:      layout_loops_ring, hangedman_feature_mirror, uniq_robin, uniq_sigmund

Skill      XL: |  1  2  3 |
---------------+----------+-----
Fighting       | 2 |  2.1
Unarmed Combat | 4 |  4.0
Dodging        | |  1.7
Spellcasting   | |  2.0
Transmutations | |  2.6

Action                   || total
-------------------------++-------
Melee: Unarmed           ||    90
       Kick              ||    17
       Tailslap          ||     7
       Punch             ||     2
       Headbutt          ||     8
 Cast: Beastly Appendage ||    21
       Wereblood         ||     2
  Use: Potion            ||     2
       Scroll            ||     1
Armor: Skin              ||    26
Dodge: Dodged            ||    55

Table legend: (Time is in decaauts)
 A = Elapsed time spent in this place.
 B = Non-inter-level travel time spent in this place.
 C = Inter-level travel time spent in this place.
 D = Time resting spent in this place.
 E = Time spent auto-exploring this place.
 F = Levels seen in this place.
 G = Mean time per level.
                   A        B        C        D        E       F      G
               +--------+--------+--------+--------+--------+-----+--------+
         Total |   1383 |   1379 |      4 |      0 |   1153 |   2 |  691.5 |
       Dungeon |   1383 |   1379 |      4 |      0 |   1153 |   2 |  691.5 |
               +--------+--------+--------+--------+--------+-----+--------+

Top non-repeatable levels by time:
     D:1: 1221 daAuts
     D:2: 162 daAuts
